 Dungeon Crawl Stone Soup version 0.31.0-4-g52a2dc7128 (webtiles) character file.

Game seed: 2798850943313621699

39 DemonSlayer the Digger (level 3, -1/24 HPs)
             Began as a Demonspawn Earth Elementalist on Jan 22, 2024.
             Hit by a goblin thrown by Robin (3 damage)
             ... on level 2 of the Dungeon.
             The game lasted 00:01:41 (951 turns).

DemonSlayer the Digger (DsEE)                        Turns: 951, Time: 00:01:42

Health: -1/24      AC:  2    Str:  8    XL:     3   Next: 26%
Magic:  5/7        EV: 12    Int: 15    God:
Gold:   86         SH:  0    Dex: 15    Spells: 3/7 levels left

rFire   . . .        c - +0 dagger
rCold   . . .        (no shield)
rNeg    . . .        a - +0 robe
rPois   .            (no helmet)
rElec   .            (no cloak)
rCorr   .            (no gloves)
SInv    .            (no boots)
Will    .....        (no amulet)
Stlth   ++           (no ring)
HPRegen 0.24/turn    (no ring)
MPRegen 0.20/turn

%: no passive effects
@: no status effects
A: magic regeneration
a: no special abilities


You were on level 2 of the Dungeon.
You visited 1 branch of the dungeon, and saw 2 of its levels.

You collected 86 gold pieces.

Inventory:

Hand Weapons
 c - a +0 dagger (weapon)
Armour
 a - a +0 robe (worn)
Scrolls
 d - a scroll of summoning {unknown}
 e - a scroll of enchant weapon {unknown}
 g - a scroll of blinking {unknown}
 i - a scroll of vulnerability {unknown}
Potions
 b - a potion of magic
 f - a potion of might


   Skills:
 + Level 1.9 Dodging
 + Level 2.0 Stealth
 + Level 2.7 Spellcasting
 + Level 1.0 Conjurations
 + Level 3.2 Earth Magic


You had 3 spell levels left.
You knew the following spells:

 Your Spells              Type           Power      Damage    Failure   Level
a - Sandblast             Erth           22%        2d7       5%          1
b - Stone Arrow           Conj/Erth      16%        3d8       26%         3

Your spell library contained the following spells:

 Spells                   Type           Power      Damage    Failure   Level
 Passwall                 Erth           11%        N/A       16%         3
 Brom's Barrelling Bould  Conj/Erth      8%         2d3       65%         4
 Petrify                  Alch/Erth      6%         N/A       71%         4
 Anguish                  Hex/Necr       1%         N/A       90%         4
 Cause Fear               Hex            1%         N/A       90%         4
 Enfeeble                 Hex            1%         N/A       100%        7


Dungeon Overview and Level Annotations

Branches:
Dungeon (2/15)

Altars:

Annotations:
D:2 Robin


Innate Abilities, Weirdness & Mutations

You regenerate magic rapidly.


Message History

3 goblins come into view.
The goblin shouts! x3; The frilled lizard hisses angrily.
Robin shouts!
You hear a shout!
A hobgoblin comes into view. x2
You hear a shout!
The blast of sand hits the hobgoblin!
You kill the hobgoblin!
The goblin shouts!
The hobgoblin shouts!
A goblin comes into view. It is wielding a +0 club.
Robin throws the goblin at you!
You completely miss the goblin. The goblin hits you but does no damage.
A goblin comes into view. It is wielding a +0 club.
Robin roars a battlecry!
The goblins go into a battle-frenzy!
The blast of sand hits the goblin but does no damage.
The goblin shouts!
The goblin barely misses you.
A hobgoblin comes into view.
The goblin hits you with a +0 dagger. The goblin hits you with a +0 club.
You hit the goblin.
The goblin is moderately wounded.
The goblin completely misses you.
The blast of sand hits the goblin!
You kill the goblin!
The frilled lizard misses you. The goblin barely misses you.
The goblin hits you with a +0 dagger.
You hit the frilled lizard but do no damage.
The frilled lizard barely misses you. The goblin hits you with a +0 club.
* * * LOW HITPOINT WARNING * * *
The goblin hits you with a +0 dagger.
* * * LOW HITPOINT WARNING * * *
You are too injured to fight recklessly!
Unknown command.
As you read the scroll labelled REOKLO RENTOEDD, it crumbles to dust.
It is a scroll of identify.
f - a potion of might The goblin hits you but does no damage.
The frilled lizard misses you. Robin throws the goblin at you!
You die...
Robin says, "And that's why I'm the boss."

######### #.......#
######.......###########
.............'..........
......g......###.#######
.....gl@g.....<#.#
......ggg....###+#######
....gg#.................
....g†########..........
..... #.(........ .....
#.......... ....
#.......... ....
#.#'####### #.#.#


You could see Robin, 2 hobgoblins, 6 goblins and a frilled lizard.

Vanquished Creatures
  A ribbon worm (D:2)
  2 dart slugs (D:1)
  5 bats
  2 endoplasms (D:1)
  4 giant cockroaches
  4 goblins
  4 hobgoblins
  2 ball pythons (D:1)
  2 frilled lizards (D:1)
  A rat (D:1)
27 creatures vanquished.

Notes
Turn   | Place    | Note
-------+----------+-------------------------------------------
     0 | D:1      | DemonSlayer the Demonspawn Earth Elementalist began the
                  | quest for the Orb.
     0 | D:1      | Reached XP level 1. HP: 13/13 MP: 3/3
   211 | D:1      | Gained mutation: You regenerate magic rapidly. [demonic
                  | ancestry]
   211 | D:1      | Reached XP level 2. HP: 19/19 MP: 0/5
   531 | D:1      | Reached skill level 3 in Earth Magic
   820 | D:1      | Reached XP level 3. HP: 24/24 MP: 7/7
   824 | D:1      | Learned a level 3 spell: Stone Arrow
   943 | D:2      | Noticed Robin
   950 | D:2      | HP: 1/24 [goblin/+0 dagger[Robin] (6)]
   951 | D:2      | Hit by a goblin thrown by Robin

Illustrated notes

Levels and vault maps discovered:
D:1:      shiori_arrival_maze, layout_loops_ring
D:2:      layout_basic, uniq_sigmund, uniq_robin

Skill      XL: |  1  2 |
---------------+-------+-----
Stealth        | 2 |  2.0
Earth Magic    | 3 |  3.2
Dodging        | |  1.9
Spellcasting   | |  2.7
Conjurations   | |  1.0

Action                     || total
---------------------------++-------
  Melee: Dagger            ||    25
   Cast: Sandblast         ||    30
    Use: Scroll            ||     1
   Stab: Sleeping          ||     3
 Armour: Robe              ||    22
  Dodge: Dodged            ||    28
